Map: Belladona EE

Players

EasyAI - Winner!

  • Race: Protoss Protoss
  • League: Diamond
  • Spawn Location: 5:00

ramper

  • Race: Zerg Zerg
  • League: Diamond
  • Spawn Location: 11:00

VOD

Have the link to the VOD?

Description

Time

  • Played on: Jan. 16, 2020, 6:41 a.m.
  • Length: 9:47
Show
View Real Time Build Order
Export as new Build Order

EasyAI Protoss - Winner!

Build Orders: 1 Gate Expand, Zealot Archon, Archon Drop, Dark Templar Rush 

Get SALT Encoding   

  12  0:01  Probe  
  13  0:13  Probe  
  14  0:20  Pylon  
  14  0:25  Probe  
  15  0:38  Probe (Chrono Boost)  
  16  0:45  Gateway  
  16  0:47  Probe (Chrono Boost)  
  17  0:52  Probe (Chrono Boost)  
  17  0:53  Assimilator  
  18  1:00  Pylon  
  18  1:04  Probe  
  19  1:20  Probe  
  20  1:30  Nexus  
  20  1:41  Cybernetics Core  
  20  1:46  Probe  
  21  1:54  Assimilator  
  21  2:07  Gateway  
  21  2:16  Pylon  
  21  2:18  Probe  
  22  2:30  Probe  
  22  2:32  Adept (Chrono Boost), Shield Battery  
  25  2:37  Warp Gate  
  25  2:41  Twilight Council  
  25  2:42  Probe  
  26  2:53  Probe  
  26  2:54  Probe  
  26  2:57  Stalker  
  30  3:05  Probe  
  31  3:06  Probe  
  32  3:17  Robotics Facility, Probe  
  32  3:19  Probe  
  34  3:29  Probe  
  34  3:31  Probe  
  36  3:37  Dark Shrine  
  37  3:41  Probe  
  37  3:43  Probe  
  38  3:53  Probe  
  38  3:55  Probe  
  40  3:58  Pylon  
  40  4:01  Warp Prism (Chrono Boost)  
  40  4:05  Probe  
  43  4:12  Probe  
  44  4:17  Gateway, Probe  
  44  4:18  Gateway  
  45  4:27  Assimilator  
  45  4:28  Probe  
  45  4:29  Assimilator  
  46  4:34  Pylon  
  46  4:36  Pylon  
  46  4:43  Probe  
  46  4:44  Probe  
  48  4:55  Probe  
  48  4:56  Probe  
  50  5:02  Dark Templar x2  
  54  5:08  Probe x2  
  54  5:12  Dark Templar  
  58  5:17  Dark Templar  
  58  5:47  Dark Templar x3  
  64  5:51  Immortal (Chrono Boost)  
  64  5:55  Pylon  
  64  5:56  Pylon  
  68  5:58  Pylon  
  68  6:01  Gateway  
  68  6:02  Gateway  
  68  6:03  Gateway  
  68  6:05  Gateway  
  68  6:08  Archon x2, Gateway  
  68  6:11  Gateway  
  68  6:14  Archon  
  68  6:16  Pylon, Dark Templar  
  68  6:17  Pylon  
  70  6:41  Immortal (Chrono Boost)  
  70  6:43  Charge (Chrono Boost)  
  74  6:51  Forge  
  74  6:53  Archon  
  74  6:55  Dark Templar x2  
  74  6:56  Dark Templar  
  74  7:01  Dark Templar  
  82  7:07  Pylon  
  82  7:08  Archon  
  82  7:09  Archon, Pylon  
  82  7:10  Pylon  
  82  7:12  Pylon  
  82  7:16  Immortal (Chrono Boost)  
  86  7:40  Zealot x5  
  86  7:41  Zealot x5  
  106  8:04  Dark Templar x3  
  106  8:05  Dark Templar  
  114  8:06  Zealot x3  
  114  8:07  Zealot  
  114  8:09  Archon  
  114  8:10  Archon  
  104  8:30  Dark Templar x2  
  90  8:42  Zealot  
  90  8:43  Zealot x7  
  106  8:56  Observer  
  107  9:07  Archon  
  107  9:11  Dark Templar x2  
  107  9:12  Zealot x4  
  107  9:13  Zealot x2  
  107  9:15  Archon  
  99  9:37  Zealot x4  
Show
View Real Time Build Order
Export as new Build Order

ramper Zerg 

Build Orders: Hatch First 

Get SALT Encoding   

  12  0:01  Drone  
  13  0:13  Overlord  
  13  0:17  Drone  
  14  0:31  Drone x2  
  17  0:35  Drone  
  17  1:06  Drone x2  
  17  1:07  Hatchery  
  18  1:14  Spawning Pool  
  18  1:18  Drone, Extractor  
  17  1:24  Drone  
  18  1:29  Drone  
  19  1:43  Overlord  
  19  1:51  Drone  
  20  2:03  Queen  
  20  2:04  Zergling x2  
  23  2:18  Queen  
  23  2:19  Hatchery  
  23  2:22  Zergling x2  
  25  2:26  Drone  
  25  2:29  Drone  
  27  2:32  Drone  
  28  2:38  Drone  
  28  2:42  Drone  
  30  2:44  Overlord  
  30  2:51  Drone  
  30  2:55  Drone  
  32  2:59  Queen  
  32  3:02  Drone  
  35  3:08  Drone  
  35  3:09  Metabolic Boost  
  36  3:15  Drone x2  
  36  3:18  Drone  
  36  3:19  Drone  
  40  3:25  Overlord  
  40  3:29  Drone  
  40  3:33  Roach Warren  
  40  3:39  Drone x3  
  43  3:46  Drone  
  44  3:50  Drone x4  
  44  3:55  Drone  
  49  3:56  Drone  
  49  4:00  Spore Crawler  
  49  4:02  Spore Crawler  
  48  4:04  Queen  
  48  4:08  Queen  
  52  4:13  Queen  
  52  4:16  Overlord  
  54  4:32  Overlord  
  54  4:37  Drone x5  
  54  4:38  Drone x4  
  63  4:40  Overlord  
  63  4:41  Overlord  
  63  4:51  Roach  
  63  4:52  Roach x4  
  73  4:53  Overlord  
  73  5:04  Drone x2  
  73  5:05  Evolution Chamber  
  73  5:06  Evolution Chamber, Extractor  
  73  5:07  Roach x4  
  78  5:08  Extractor  
  78  5:09  Roach  
  78  5:12  Roach  
  78  5:13  Roach  
  84  5:18  Spore Crawler  
  84  5:20  Roach x2  
  84  5:21  Spore Crawler  
  85  5:22  Roach  
  85  5:27  Roach x2  
  85  5:28  Drone x2  
  93  5:33  Lair  
  93  5:42  Drone x2  
  95  5:44  Drone x2  
  95  5:48  Drone  
  95  5:49  Overlord x2  
  98  6:00  Extractor  
  98  6:01  Drone  
  98  6:02  Extractor  
  98  6:03  Overlord  
  98  6:04  Overlord  
  97  6:06  Drone  
  97  6:09  Zerg Missile Weapons Level 1  
  97  6:10  Drone x4  
  102  6:12  Overlord  
  102  6:14  Drone x3  
  102  6:15  Drone  
  102  6:16  Drone x2  
  102  6:18  Drone  
  109  6:19  Overlord  
  109  6:22  Overlord  
  109  6:23  Zergling x2  
  109  6:24  Roach  
  112  6:28  Roach  
  112  6:31  Roach  
  116  6:38  Overseer  
  116  6:41  Roach x2  
  120  6:48  Roach x5  
  120  6:49  Roach x3, Overlord  
  120  6:52  Extractor  
  135  7:01  Zergling x6  
  137  7:04  Overlord  
  137  7:06  Overlord x2  
  137  7:07  Queen x3  
  144  7:21  Zerg Ground Armor Level 1  
  144  7:23  Roach x3  
  144  7:24  Overlord  
  144  7:29  Ravager x4  
  154  7:30  Overlord  
  154  7:31  Overlord  
  154  7:38  Hatchery  
  154  7:39  Roach  
  154  7:40  Overlord  
  154  7:43  Pneumatized Carapace  
  155  7:45  Zergling x2  
  155  7:46  Zergling x6  
  155  7:47  Zergling x10  
  155  7:51  Overlord  
  164  7:57  Hydralisk Den  
  164  7:58  Zergling x8  
  165  7:59  Zergling x2  
  165  8:00  Overlord  
  165  8:04  Overlord  
  168  8:09  Overlord  
  168  8:13  Roach  
  168  8:15  Roach  
  166  8:25  Hatchery  
  141  8:28  Roach x3  
  141  8:29  Roach x2  
  141  8:30  Roach x2  
  141  8:32  Roach x2  
  141  8:33  Roach  
  124  8:35  Hydralisk  
  108  8:55  Overseer  
  108  8:56  Hydralisk x7  
  108  8:57  Hydralisk  
  108  9:00  Drone  
  108  9:01  Drone  
  126  9:07  Overseer x2  
  126  9:09  Hydralisk x3  
  130  9:12  Drone  
Tags
 
Add a new tag
Caveats
  • Supply blocks, unpowered buildings, or Contaminate may cause inaccurate times.
  • Supply counts are checked every 10 seconds.